 Dungeon Sprint DCSS version 0.19.0-22-gd96e5fe (webtiles) character file.

1383 equalderp2856 the Unseen (level 8, -17/39 HPs)
             Began as a Felid Fighter on Nov 18, 2016.
             Demolished by Agnes
             ... wielding a +3 vampiric lajatang
              (32 damage)
             ... in the Dungeon (Sprint IV: "Fedhas' Mad Dash").
             The game lasted 00:10:16 (2455 turns).

equalderp2856 the Unseen (Felid Fighter)            Turns: 2455, Time: 00:10:16

Health: -17/39     AC:  5    Str: 13    XL:     8   Next: 40%
Magic:  17/17      EV: 28    Int: 11    God:
Gold:   158        SH:  0    Dex: 19    Spells: 0 memorised, 7 levels left
                                        Lives:  0   Deaths: 2

rFire  . . .     SeeInvis +       - Unarmed
rCold  . . .     Gourm    .     (armour unavailable)
rNeg   . . .     Faith    .     (shield unavailable)
rPois  .         Spirit   .     (helmet unavailable)
rElec  .         Reflect  .     (cloak unavailable)
rCorr  .         Harm     .     (gloves unavailable)
MR     +....     NoTele   +     (boots unavailable)
Stlth  ++++++++..               i - amulet of invisibility {+Inv}
                                n - +3 ring of protection
                                o - +2 ring of dexterity

@: very slightly contaminated, invisible (expiring), quick
A: no armour, no weapons or thrown items, stealth, claws 1, fangs 3, see
invisible, carnivore 3, speed 1, shaggy fur 2, slow metabolism 1, sharp paws
a: Turn Visible


You were in the Dungeon.
You were not hungry.

You visited 1 branch You collected 248 gold pieces.
You spent 90 gold pieces at shops.

Inventory:

Jewellery
 i - the amulet of invisibility (around neck) {+Inv}
   (You found it in the Dungeon)

   [amulet of nothing]

   It lets you turn invisible.
 n - a +3 ring of protection (right paw)
 o - a +2 ring of dexterity (left paw)
Wands
 k - a wand of iceblast (6/15)
 m - a wand of random effects (17/48)
Scrolls
 h - a scroll of blinking
 s - a scroll of remove curse {unknown}
Potions
 a - a potion of might
 c - a potion of curing
 e - a potion of haste
 f - 2 potions of magic
 g - 3 potions of berserk rage
 j - 2 potions of mutation {unknown}
 q - a potion of flight {unknown}
Books
 r - a book of Misfortune

   Spells                             Type                      Level
   a - Confusing Touch                Hexes                        1
   b - Confuse                        Hexes                        3
   c - Gell's Gravitas                Hexes/Translocation          3
   d - Petrify                        Transmutation/Earth          4
   e - Metabolic Englaciation         Hexes/Ice                    5
   f - Yara's Violent Unravelling     Hexes/Transmutation          5
Comestibles
 l - a royal jelly


   Skills:
 + Level 6.5 Fighting
 + Level 10.6 Dodging
 * Level 19.8 Stealth
 + Level 13.7 Unarmed Combat
 + Level 10.8 Evocations


You had 7 spell levels left.
You didn't know any spells.

Dungeon Overview and Level Annotations

Branches:
Dungeon (1/1)

Altars:
Cheibriados
Dithmenos
Elyvilon
Gozag
Hepliaklqana
Kikubaaqudgha
Makhleb
Nemelex Xobeh
Okawaru
Qazlal
Ru
Sif Muna
Trog
Uskayaw
Vehumet
Xom
Yredelemnul
Zin
The Shining One
Beogh
Jiyva
Lugonu

Shops:
D %(%[=[%

Annotations:
D Agnes


Innate Abilities, Weirdness & Mutations

You cannot wear armour.
You are incapable of wielding weapons or throwing items.
Your paws allow you to move quietly. (Stealth)
You have sharp claws.
You have razor-sharp teeth.
You have supernaturally acute eyesight. (SInv)
You are carnivorous and can eat meat at any time.
You cover ground quickly.
You are covered in thick fur. (AC +2)
You have a slow metabolism.
Your sharp claws are effective at attacking unaware monsters.


Message History

You scratch Agnes. Your bite misses Agnes.
Agnes is lightly wounded.
Agnes barely misses you.
You miss Agnes.
Agnes is lightly wounded.
Agnes hits you with a vampiric lajatang!
Agnes draws strength from your wounds!
You scratch Agnes.
Agnes is lightly wounded.
You flicker for a moment.
Agnes misses you.
Okay, then.
You claw Agnes!
Agnes is lightly wounded.
Agnes closely misses you.
You claw Agnes!
Agnes is moderately wounded.
Agnes hits you with a vampiric lajatang!!
Ouch! That really hurt!
You die...

...#.⌠._._._._.⌠.#..')).#....##∩#
...'.._._._._._..'..#...#....'..#
...#..._._._._...#..###'##.[.##∩#
#'##.._._._._._..#..##∩∩.'...####
...#.⌠._._._._.⌠.############# ##
...###################.....(###..
####♣♣♣♣♣..♣.###.)..+i)...()'†'..
.)'......♣..♣##.i#..#.P.....#####
..#♣..♣♣♣.♣).###@##'##.P....#
..#.♣♣..♣...♣'...#♣.♣########
#### #############.....#
..♣..♣....# .i.♣.... .♣.. .....
♣.... ∩. #### ###### ##


You could see Agnes.

Vanquished Creatures
  A spriggan druid (D)
  6 oklob plants (D)
  A demonic crawler (D)
  3 burning bushes (D)
  A queen bee (D)
  3 wandering mushrooms (D)
  2 scorpions (D)
  4 killer bees (D)
  5 oklob saplings (D)
  A worker ant (D)
  4 spriggans (D)
  A river rat (D)
  A rat (D)
  A ballistomycete (D)
  A ballistomycete spore (D)
35 creatures vanquished.

Notes
Turn   | Place    | Note
-------+----------+-------------------------------------------
     0 | D        | equalderp2856 the Felid Fighter began the quest for the Orb.
     0 | D        | Reached XP level 1. HP: 10/10 MP: 2/2
    15 | D        | Reached skill level 1 in Stealth
    15 | D        | Reached skill level 5 in Unarmed Combat
    15 | D        | Reached XP level 2. HP: 7/14 MP: 3/3
   178 | D        | Noticed an oklob sapling
   180 | D        | Killed an oklob sapling
   180 | D        | Reached skill level 5 in Dodging
   180 | D        | Reached skill level 3 in Stealth
   180 | D        | Reached XP level 3. HP: 18/18 MP: 4/4
   211 | D        | Found an opulent altar of Gozag.
   211 | D        | Found a hazy altar of Hepliaklqana.
   211 | D        | Found a burning altar of Makhleb.
   211 | D        | Found a roughly hewn altar of Beogh.
   211 | D        | Found a sparkling altar of Nemelex Xobeh.
   211 | D        | Found a snail-covered altar of Cheibriados.
   211 | D        | Found a sacrificial altar of Ru.
   211 | D        | Found a deep blue altar of Sif Muna.
   211 | D        | Found a shimmering altar of Xom.
   211 | D        | Found a basalt altar of Yredelemnul.
   212 | D        | Found a viscous altar of Jiyva.
   212 | D        | Found a bloodstained altar of Trog.
   212 | D        | Noticed an oklob sapling priest
   213 | D        | Found an iron altar of Okawaru.
   213 | D        | Found a glowing silver altar of Zin.
   213 | D        | Found a shadowy altar of Dithmenos.
   214 | D        | Found a hide-covered altar of Uskayaw.
   214 | D        | Found an ancient bone altar of Kikubaaqudgha.
   215 | D        | Found a stormy altar of Qazlal.
   215 | D        | Found a glowing golden altar of the Shining One.
   215 | D        | Found a white marble altar of Elyvilon.
   216 | D        | Found a radiant altar of Vehumet.
   216 | D        | Found a corrupted altar of Lugonu.
   219 | D        | Killed an oklob sapling priest
   219 | D        | Reached skill level 5 in Stealth
   219 | D        | Reached XP level 4. HP: 19/22 MP: 2/5
   285 | D        | Reached skill level 1 in Evocations
   285 | D        | Reached XP level 5. HP: 25/25 MP: 3/6
   516 | D        | Reached skill level 5 in Fighting
   516 | D        | Reached skill level 6 in Stealth
   872 | D        | Found Vuuluwkavva's Weapon Shop.
   872 | D        | Found Goisyxta's Food Emporium.
   877 | D        | Noticed a burning bush
   877 | D        | Noticed a wandering mushroom
   878 | D        | Noticed a wandering mushroom
   881 | D        | Killed a wandering mushroom
   881 | D        | Reached skill level 8 in Stealth
   881 | D        | Reached skill level 10 in Unarmed Combat
   881 | D        | Gained mutation: You are covered in thick fur. (AC +2) [Felid growth]
   881 | D        | Reached XP level 6. HP: 31/31 MP: 5/10
   882 | D        | Killed a wandering mushroom
   882 | D        | Reached skill level 9 in Stealth
   882 | D        | Reached skill level 5 in Evocations
   882 | D        | Reached XP level 7. HP: 34/34 MP: 6/11
   883 | D        | Killed a burning bush
   883 | D        | Reached skill level 10 in Stealth
   885 | D        | Reached skill level 11 in Stealth
   902 | D        | Found Zoodghy's Jewellery Emporium.
   902 | D        | Found Vanagua's Antique Armour Shoppe.
   907 | D        | Got a crude iron amulet
   913 | D        | Bought a +2 ring of dexterity for 90 gold pieces
   920 | D        | Identified the amulet "Qiqonk" {Reflect Fragile rC+ Dex+4 SH+6} (You found it in the Dungeon)
   979 | D        | Noticed a queen bee
  1175 | D        | Reached XP level 8. HP: 39/39 MP: 10/13
  1200 | D        | Killed a queen bee
  1200 | D        | Reached skill level 12 in Stealth
  1319 | D        | Noticed an oklob plant
  1322 | D        | Killed an oklob plant
  1322 | D        | Reached skill level 14 in Stealth
  1456 | D        | Noticed a burning bush
  1460 | D        | Killed a burning bush
  1460 | D        | Reached skill level 10 in Dodging
  1474 | D        | Noticed a burning bush
  1474 | D        | Noticed an oklob plant
  1475 | D        | Noticed a wandering mushroom
  1476 | D        | Killed a burning bush
  1476 | D        | Reached skill level 15 in Stealth
  1476 | D        | Reached XP level 9. HP: 42/42 MP: 16/16
  1481 | D        | Killed an oklob plant
  1481 | D        | Reached skill level 16 in Stealth
  1485 | D        | Killed a wandering mushroom
  1632 | D        | Noticed a spriggan druid
  1634 | D        | Killed a spriggan druid
  1634 | D        | Reached skill level 17 in Stealth
  1800 | D        | Noticed an oklob plant conjurer
  1802 | D        | Killed an oklob plant conjurer
  1802 | D        | Reached skill level 18 in Stealth
  2024 | D        | Noticed an oklob plant
  2024 | D        | Noticed an oklob plant summoner
  2025 | D        | Noticed an oklob plant shifter
  2029 | D        | Killed an oklob plant
  2029 | D        | Reached skill level 10 in Evocations
  2029 | D        | Reached XP level 10. HP: 46/46 MP: 15/18
  2031 | D        | Killed an oklob plant summoner
  2031 | D        | Reached skill level 19 in Stealth
  2034 | D        | Killed an oklob plant shifter
  2297 | D        | Noticed a spriggan rider
  2298 | D        | Found Dasapnum's Armour Emporium.
  2326 | D        | Slain by a spriggan rider
  2327 | D        | Reached XP level 9. HP: -1/42 MP: 18/18
  2327 | D        | Found Rocvaf's Food Shoppe.
  2340 | D        | HP: 1/42 [spriggan/rapier (13)]
  2340 | D        | Mangled by a spriggan rider
  2341 | D        | Reached XP level 8. HP: -13/39 MP: 16/17
  2441 | D        | Noticed Agnes
  2443 | D        | Found Tuce Dit's Food Emporium.
  2443 | D        | Noticed a spriggan berserker
  2455 | D        | Demolished by Agnes

Skill      XL: |  1  2  3  4  5  6  7  8  9 10 |
---------------+-------------------------------+-----
Stealth        | 1 3 5 8 9 11 15 18 19 | 19.8
Unarmed Combat | 5 6 7 8 10 11 12 13 | 13.7
Dodging        | 5 6 8 9 10 | 10.6
Fighting       | 4 5 6 |  6.5
Evocations     | 1 4 5 6 8 10 | 10.8

Action                   |  1- 3 |  4- 6 |  7- 9 | 10-12 || total
-------------------------+-------+-------+-------+-------++-------
Melee: Unarmed           |    12 |    20 |    44 |    25 ||   101
       Bite              |       |     1 |     1 |     5 ||     7
       Punch             |       |       |     1 |     5 ||     6
 Abil: Evoke Invisibilit |     1 |     3 |     9 |     2 ||    15
  Use: Potion            |       |       |       |     1 ||     1
 Stab: Sleeping          |     2 |     3 |    12 |     2 ||    19
       Invisible         |       |       |     4 |       ||     4
       Distracted        |       |       |     1 |       ||     1
  Eat: Pizza             |       |       |     2 |       ||     2
       Royal jelly       |       |       |     2 |       ||     2
       Meat ration       |       |       |       |     1 ||     1
Armor: Skin              |       |       |       |     1 ||     1
Dodge: Dodged            |     5 |    15 |    27 |    34 ||    81
